 Dungeon Crawl Stone Soup version 0.27-a0-931-g5a74e75d8f (webtiles) character file.

Game seed: 16518709320849151426

441 polve the Slasher (level 6, -1/57 HPs)
             Began as a Minotaur Berserker on Apr 10, 2021.
             Was a Priest of Trog.
             Slain by an orc wizard
             ... wielding a +0 dagger
              (2 damage)
             ... on level 4 of the Dungeon.
             The game lasted 00:02:21 (2982 turns).

polve the Slasher (Minotaur Berserker)              Turns: 2982, Time: 00:02:21

Health: -1/57      AC:  6    Str: 21    XL:     6   Next: 71%
Magic:  5/5        EV: 11    Int:  4    God:    Trog [***...]
Gold:   123        SH:  0    Dex: 12    Spells: 5/5 levels left

rFire    . . .     SeeInvis .   a - +0 falchion
rCold    . . .     Faith    .   (no shield)
rNeg     . . .     Spirit   .   p - +0 ring mail
rPois    .         Reflect  .   (helmet restricted)
rElec    .         Harm     .   (no cloak)
rCorr    .         Rampage  .   (no gloves)
Will     .....                  f - +0 pair of boots
Stlth    +.........             m - amulet of the acrobat
HPRegen  0.19/turn              (no ring)
MPRegen  0.09/turn              (no ring)

@: mighty, on berserk cooldown, slowed, very slow
A: horns 2, retaliatory headbutt
a: Renounce Religion, Berserk, Trog's Hand


You were on level 4 of the Dungeon.
You worshipped Trog.
Trog was most pleased with you.
You visited 1 branch of the dungeon, and saw 4 of its levels.

You collected 123 gold pieces.

Inventory:

Hand Weapons
 a - a +0 falchion (weapon)
Armour
 b - a +0 animal skin
 f - a +0 pair of boots (worn)
 p - a +0 ring mail (worn)
Jewellery
 m - an amulet of the acrobat (around neck)
Wands
 r - a wand of iceblast (7)
Scrolls
 c - 5 scrolls of identify {unknown}
 h - a scroll of fear {unknown}
 j - a scroll of silence {unknown}
 k - a scroll of vulnerability {unknown}
 l - a scroll of torment {unknown}
 o - a scroll of magic mapping {unknown}
 q - a scroll of amnesia {unknown}
Potions
 d - a potion of attraction {unknown}
 e - a potion of berserk rage {unknown}
 g - a potion of brilliance {unknown}
 i - a potion of lignification {unknown}
 n - 2 potions of might


   Skills:
 + Level 6.0 Fighting
 * Level 7.8 Long Blades
 - Level 2.4 Armour
 - Level 2.1 Dodging


You had 5 spell levels left.
You didn't know any spells.
Your spell library was empty.

Dungeon Overview and Level Annotations

Branches:
Dungeon (4/15)
 Temple: D:4-7

Altars:
Xom


Innate Abilities, Weirdness & Mutations

You have a pair of horns on your head.
You reflexively headbutt those who attack you in melee.


Message History

Pain shoots through your body!
* * * LOW HITPOINT WARNING * * *
The jackal misses you.
You miss the jackal.
You hear the slow rusting of a distant drain.
The jackal bites you but does no damage.
The jackal bites you.
* * * LOW HITPOINT WARNING * * *
A magic dart appears from out of thin air!
The magic dart hits you.
* * * LOW HITPOINT WARNING * * *
The orc priest barely misses you.
You hit the orc priest. You headbutt the orc priest!
The orc priest is severely wounded.
The jackal closely misses you.
The orc wizard hits you but does no damage.
The orc priest closely misses you.
The jackal bites you but does no damage.
The orc wizard hits you but does no damage.
You slash the orc priest!
You kill the orc priest!
Trog accepts your kill. The jackal bites you.
* * * LOW HITPOINT WARNING * * *
Something hits you.
* * * LOW HITPOINT WARNING * * *
The orc wizard completely misses you. The hobgoblin hits you.
* * * LOW HITPOINT WARNING * * *
The jackal bites you.
* * * LOW HITPOINT WARNING * * *
Something hits you but does no damage.
Your Fighting skill increases to level 6!
It was a potion of might.
You feel very mighty all of a sudden.
You feel less confused. The jackal barely misses you.
The orc wizard hits you but does no damage.
The hobgoblin hits you.
* * * LOW HITPOINT WARNING * * *
Something hits you.
You die...

#..........##..##.............#
#..........##...#.............#
...........#.............(.....
..............#................
.......#.....##.#..............
.......#.....?..$......##....##
.##.........##.>....#...#..)...
...................>........#
...........o@g)#.##.#.......#
.........##.h...###.........
..#..........)..............
.##........!#.>...........#.
..........#...........|.#.
.......##.............[.
....... ................
#...... ...........####.
##..... ......#.... ##


You could see an orc wizard, a jackal and a hobgoblin.

Vanquished Creatures
  An ice beast (D:3)
  An ogre (D:4)
  A scorpion (D:3)
  A water moccasin skeleton (D:3)
  An orc priest (D:4)
  4 adders
  2 worms
  3 dart slugs
  3 orcs
  6 ball pythons
  9 endoplasms
  5 giant cockroaches
  10 goblins
  A hobgoblin (D:2)
  5 jackals
  6 kobolds
  A quokka (D:3)
  7 bats
  A frilled lizard (D:3)
  5 rats
73 creatures vanquished.

Notes
Turn   | Place    | Note
-------+----------+-------------------------------------------
     0 | D:1      | polve the Minotaur Berserker began the quest for the Orb.
     0 | D:1      | Reached XP level 1. HP: 19/19 MP: 0/0
   154 | D:1      | Reached skill level 4 in Long Blades
   278 | D:1      | Reached XP level 2. HP: 23/27 MP: 1/1
  1025 | D:2      | Reached XP level 3. HP: 29/33 MP: 2/2
  1091 | D:2      | Reached ** piety under Trog
  1293 | D:2      | Reached skill level 5 in Long Blades
  2074 | D:3      | Reached XP level 4. HP: 41/41 MP: 3/3
  2138 | D:3      | Noticed a scorpion
  2143 | D:3      | Killed a scorpion
  2144 | D:3      | Reached skill level 6 in Long Blades
  2144 | D:3      | Reached XP level 5. HP: 47/47 MP: 4/4
  2420 | D:3      | Reached skill level 5 in Fighting
  2484 | D:3      | Noticed an ice beast
  2493 | D:3      | Killed an ice beast
  2494 | D:3      | Reached skill level 7 in Long Blades
  2494 | D:3      | Reached XP level 6. HP: 39/56 MP: 5/5
  2655 | D:3      | Found a shimmering altar of Xom.
  2889 | D:4      | Reached *** piety under Trog
  2981 | D:4      | HP: 2/57 [jackal (1)]
  2982 | D:4      | Slain by an orc wizard

Illustrated notes

Levels and vault maps discovered:
D:1:      nagdon_arrival_double_spiral, layout_loops_cross
D:2:      layout_loops_cross, st_stairs_3, kennysheep_generic_room_16
D:3:      layout_rooms, lemuel_doored_altar, chequers_jeans
D:4:      layout_cave_pools, cheibrodos_sewer_entry_drain, serial_park,
          serial_park_square1 [serial_park_minivault_5x5_4]

Skill      XL: |  1  2  3  4  5  6 |
---------------+-------------------+-----
Long Blades    | 4 5 6 7 |  7.8
Fighting       | 4 5 6 |  6.0
Armour         | |  2.4
Dodging        | |  2.1

Action                   |  1- 3 |  4- 6 || total
-------------------------+-------+-------++-------
Melee: Falchion          |    81 |    50 ||   131
       Headbutt          |    11 |    11 ||    22
Invok: Berserk           |     2 |     3 ||     5
  Use: Potion            |       |     1 ||     1
 Stab: Sleeping          |     1 |       ||     1
Armor: Animal skin       |    17 |     2 ||    19
       Ring mail         |       |    10 ||    10
Dodge: Dodged            |    45 |    45 ||    90
       Rpst.: Falchion   |     9 |     6 ||    15

Table legend: (Time is in decaauts)
 A = Elapsed time spent in this place.
 B = Non-inter-level travel time spent in this place.
 C = Inter-level travel time spent in this place.
 D = Time resting spent in this place.
 E = Time spent auto-exploring this place.
 F = Levels seen in this place.
 G = Mean time per level.
                   A        B        C        D        E       F      G
               +--------+--------+--------+--------+--------+-----+--------+
         Total |   3022 |   2904 |    118 |      4 |   2544 |   4 |  755.5 |
       Dungeon |   3022 |   2904 |    118 |      4 |   2544 |   4 |  755.5 |
               +--------+--------+--------+--------+--------+-----+--------+

Top non-repeatable levels by time:
     D:2: 1132 daAuts
     D:1: 942 daAuts
     D:3: 843 daAuts
     D:4: 104 daAuts
